 Dungeon Crawl Stone Soup version 0.21-a0-19-g210df22 (webtiles) character file.

70 lauthentik the Twirler (level 4, -10/38 HPs)
             Began as a Minotaur Gladiator on May 24, 2017.
             Killed by nerve-wracking pain
             ... invoked by Grinder
              (11 damage)
             ... on level 3 of the Dungeon.
             The game lasted 00:03:45 (1572 turns).

lauthentik the Twirler (Minotaur Gladiator)         Turns: 1572, Time: 00:03:45

Health: -10/38     AC:  8    Str: 18    XL:     4   Next: 4%
Magic:  3/3        EV:  8    Int:  5    God:
Gold:   66         SH:  0    Dex: 13    Spells: 3/3 levels left

rFire    . . .     SeeInvis .   a - +0 quarterstaff
rCold    . . .     Gourm    .   (shield currently unavailable)
rNeg     . . .     Faith    .   e - +0 chain mail
rPois    .         Spirit   .   c - +0 hat
rElec    .         Reflect  .   (no cloak)
rCorr    .         Harm     .   (no gloves)
MR       .....                  (no boots)
Stlth    ..........             (no amulet)
Regen    0.2/turn               (no ring)
MPRegen  0.1/turn               (no ring)

@: no status effects
A: retaliatory headbutt, horns 2
a: no special abilities


You were on level 3 of the Dungeon.
You were not hungry.

You visited 1 branch of the dungeon, and saw 3 of its levels.

You collected 66 gold pieces.

Inventory:

Hand Weapons
 a - a +0 quarterstaff (weapon)
Missiles
 d - 3 throwing nets (quivered)
Armour
 b - a +0 leather armour
 c - a +0 hat (worn)
 e - a +0 chain mail (worn)
Scrolls
 g - a scroll of fear {unknown}
 h - 3 scrolls of teleportation {unknown}
 i - 4 scrolls of remove curse {unknown}
 l - a scroll of amnesia {unknown}
 m - a scroll of enchant weapon {unknown}
 p - a scroll of identify {unknown}
Potions
 j - 2 potions of mutation {unknown}
 k - a potion of flight {unknown}
 o - a potion of curing {unknown}
Books
 q - a book of Alchemy

   Spells                             Type                      Level
   a - Sublimation of Blood           Necromancy                   2
   b - Ignite Poison                  Fire/Transmutation/Poison    3
   c - Petrify                        Transmutation/Earth          4
   d - Alistair's Intoxication        Transmutation/Poison         5
   e - Irradiate                      Conjuration/Transmutation    5
Comestibles
 f - a bread ration
 n - a meat ration


   Skills:
 + Level 3.0 Fighting
 + Level 4.7 Staves
 + Level 2.3 Throwing
 + Level 1.2 Armour
 + Level 3.7 Dodging


You had 3 spell levels left.
You didn't know any spells.

Dungeon Overview and Level Annotations

Branches:
Dungeon (3/15)

Altars:
Kikubaaqudgha
Yredelemnul

Annotations:
D:3 Grinder, Terence


Innate Abilities, Weirdness & Mutations

You reflexively headbutt those who attack you in melee.
You have a pair of horns on your head.


Message History

The goblin hits you but does no damage.
Terence the Incautious comes into view.
He is wielding a mace.
Terence shouts!
Grinder gestures at you. Pain shoots through your body!
The goblin hits you but does no damage.
You can move again.
You sock the goblin!
You kill the goblin!
Grinder gestures at you. Pain shoots through your body!
Grinder blinks!
You see here a goblin corpse.
Grinder gestures at you. Pain shoots through your body!
* * * LOW HITPOINT WARNING * * *
You hit Terence but do no damage. You headbutt Terence.
Terence is lightly wounded.
Grinder gestures at you. Pain shoots through your body!
You die...

##....<.##
##........## ###
#..........#
...#..........#
..#.#....†...[.###
.................
#.#5....)....###
#.....†.....##
...#..@......>..
#...@........##
##.....§.....#
#...........#
##..........#
#.........##
.........##
###...#####


You could see Grinder and Terence.

Vanquished Creatures
  An adder (D:2)
  A worm (D:2)
  A dart slug (D:2)
  A leopard gecko (D:2)
  An orc (D:3)
  11 bats
  3 giant cockroaches
  5 goblins
  7 hobgoblins
  5 jackals (D:2)
  4 kobolds
  A quokka (D:2)
  A ball python (D:1)
  A frilled lizard (D:2)
  6 rats
49 creatures vanquished.

Notes
Turn   | Place    | Note
-------+----------+-------------------------------------------
     0 | D:1      | lauthentik the Minotaur Gladiator began the quest for the Orb.
     0 | D:1      | Reached XP level 1. HP: 18/18 MP: 0/0
   196 | D:1      | Reached XP level 2. HP: 25/25 MP: 1/1
   674 | D:2      | Reached skill level 4 in Staves
   746 | D:2      | Reached XP level 3. HP: 30/30 MP: 2/2
  1299 | D:2      | Reached skill level 1 in Armour
  1308 | D:2      | Found an ancient bone altar of Kikubaaqudgha.
  1494 | D:2      | Found a basalt altar of Yredelemnul.
  1550 | D:3      | Noticed Grinder
  1558 | D:3      | Reached XP level 4. HP: 27/37 MP: 3/3
  1562 | D:3      | Paralysed by Grinder for 7 turns
  1568 | D:3      | Noticed Terence
  1571 | D:3      | HP: 1/38 [Grinder/nerve-wracking pain (13)]
  1572 | D:3      | Killed from afar by Grinder

Vault maps used:
D:1:      eino_arrival_water_cross
D:2:      minmay_door_path, kiku_gazebo_garden_becter, marbit_many_paths
D:3:      chequers_temple_overflow_statue_of_worship, first_bread, uniq_grinder,
          uniq_terence, uniq_crazy_yiuf_cottage

Skill      XL: |  1  2  3  4 |
---------------+-------------+-----
Staves         | 4 |  4.7
Armour         | 1 |  1.2
Fighting       | 3 |  3.0
Throwing       | |  2.3
Dodging        | |  3.7

Action                   |  1- 3 |  4- 6 || total
-------------------------+-------+-------++-------
Melee: Quarterstaff      |    82 |     4 ||    86
       Headbutt          |     7 |     2 ||     9
  Eat: Chunk             |     2 |       ||     2
Armor: Chain mail        |    38 |     5 ||    43
Dodge: Dodged            |    45 |     1 ||    46
